 Dungeon Crawl Stone Soup version 0.23-a0-635-g88ca12a (webtiles) character file.

494 MalarOregon the Spear-Bearer (level 7, -2/55 HPs)
             Began as a Merfolk Gladiator on Dec 28, 2018.
             Was an Initiate of Nemelex Xobeh.
             Slain by a wyvern (14 damage)
             ... summoned by the player character
             ... on level 4 of the Dungeon.
             The game lasted 00:06:27 (3391 turns).

MalarOregon the Spear-Bearer (Merfolk Gladiator)    Turns: 3391, Time: 00:06:27

Health: -2/55      AC:  5    Str: 14    XL:     7   Next: 15%
Magic:  7/7        EV: 15    Int:  9    God:    Nemelex Xobeh [......]
Gold:   223        SH:  0    Dex: 16    Spells: 6/6 levels left

rFire    . . .     SeeInvis .   a - +0 trident
rCold    . . .     Gourm    .   (no shield)
rNeg     . . .     Faith    .   b - +0 leather armour
rPois    .         Spirit   .   c - +0 helmet
rElec    .         Reflect  .   v - +0 cloak
rCorr    .         Harm     .   (no gloves)
MR       .....                  (no boots)
Stlth    +.........             (no amulet)
HPRegen  0.18/turn              (no ring)
MPRegen  0.10/turn              (no ring)

@: lethally poisoned (-2 -> -3)
A: change form in water, swift swim, stealthy swim
a: Draw Escape, Draw Destruction, Draw Summoning, Renounce Religion


You were on level 4 of the Dungeon.
You worshipped Nemelex Xobeh.
Nemelex Xobeh was noncommittal.
You were not hungry.

You visited 1 branch of the dungeon, and saw 4 of its levels.

You collected 223 gold pieces.

Inventory:

Hand Weapons
 a - a +0 trident (weapon)
Missiles
 d - 3 throwing nets (quivered) {!f}
Armour
 b - a +0 leather armour (worn)
 c - a +0 helmet (worn)
 v - a +0 cloak (worn)
   (You found it on level 4 of the Dungeon)
Jewellery
 k - an uncursed ring of protection from fire {unknown}
   (You found it on level 2 of the Dungeon)
 m - an uncursed ring of protection from cold {unknown}
   (You found it on level 2 of the Dungeon)
Wands
 n - a wand of enslavement (14)
   (You found it on level 2 of the Dungeon)
Scrolls
 h - 3 scrolls of remove curse {unknown}
 i - a scroll of teleportation {unknown}
 j - a scroll of immolation {unknown}
 l - 2 scrolls of identify {unknown}
 p - a scroll of amnesia {unknown}
 r - 2 scrolls of enchant armour {unknown}
 s - a scroll of blinking {unknown}
Potions
 g - a potion of cancellation {unknown}
 o - a potion of curing {@q1}
 q - a potion of might {unknown}
 t - a potion of agility {unknown}
 u - a potion of magic {unknown}
Comestibles
 e - 15 rations {!d}


   Skills:
 + Level 4.5 Fighting
 * Level 8.6 Polearms
 - Level 2.0 Throwing
 + Level 6.1 Dodging


You had 6 spell levels left.
You didn't know any spells.
Your spell library was empty.

Dungeon Overview and Level Annotations

Branches:
Dungeon (4/15)
 Temple: D:4-7

Altars:
Fedhas
Hepliaklqana
Nemelex Xobeh
Vehumet
The Shining One

Annotations:
D:4 3 runed doors, Sigmund; StylePro's ghost, amateur DsBe


Message History

Your killer bee stings the big kobold!
Your wyvern bites the killer bee!
The killer bee dies!
The killer bee's corpse disappears in a puff of smoke!
The wyvern bites your wyvern!!
Your wyvern dies!
Your wyvern's corpse disappears in a puff of smoke!
The killer bee stings you.
* * * LOW HITPOINT WARNING * * *
You are poisoned.
The killer bee poisons you!
The big kobold closely misses your killer bee.
Unknown command.
You feel sick.
Your killer bee closely misses the big kobold.
Your wyvern closely misses the killer bee.
The wyvern closely misses you.
Your wyvern closely misses the killer bee.
Your killer bee misses the big kobold.
The killer bee closely misses you.
Your wyvern barely misses the killer bee.
The wyvern barely misses you.
Your wyvern closely misses the killer bee.
The big kobold closely misses your killer bee.
Unknown command.
You swap places.
Your killer bee barely misses the big kobold.
The killer bee barely misses your wyvern.
Your centaur misses the killer bee.
Your wyvern bites the killer bee but does no damage.
Your killer bee stings the big kobold.
The big kobold dies!
The wyvern bites your centaur! The killer bee stings your wyvern!
Your wyvern misses the killer bee.
Your centaur completely misses the killer bee.
You draw a card...
You have drawn the Illusion.
Suddenly you stand beside yourself.
You feel sick. The killer bee stings your wyvern!
Your wyvern misses the killer bee. The wyvern barely misses your centaur.
Your wyvern misses the killer bee. The killer bee stings your wyvern!
Your wyvern dies!
Your wyvern's corpse disappears in a puff of smoke!
Your centaur completely misses the killer bee.
Your wyvern bites the killer bee!
The killer bee closely misses your centaur.
Your centaur hits the killer bee.
Your wyvern bites the killer bee.
Your centaur hits the killer bee.
The killer bee dies!
The killer bee's corpse disappears in a puff of smoke!
The wyvern bites you!
You die...
Your body disappears without a glow.

# ...... .... ............ # >
...... ... #######...#.. ###..
....#. #.. ... #...... ....
......##S# #.####...... .##
.......#@# .....#...... ..# ##
......y#ยง## #......... #....#
....)..ccl######.....#... ##
.###.......ll........#...##..
.###............@....#####...#...
.##..# #......@.###.....##.#.....
....####........# ##.##....#.....
.........<......############.....
...#......#............ #.....
.#..............######## #.....
.###............#.......# #.....
.# #....#.......#.......#.##.....
.# #....#..#....#.......+.##.##(.


You could see Sigmund, a wyvern, an adder, 2 friendly wyverns, 2 friendly
centaurs, a friendly killer bee and the friendly MalarOregon's illusion.

Vanquished Creatures
  A centaur (D:4)
  An orc priest (D:4)
  A centaur skeleton (D:4)
  2 orc wizards (D:4)
  2 worker ants (D:4)
  4 adders
  A gnoll (D:1)
  An ooze (D:1)
  An adder skeleton (D:4)
  4 worms
  6 dart slugs
  4 leopard geckos
  4 orcs
  A ball python (D:2)
  12 bats
  8 giant cockroaches
  3 goblins
  9 hobgoblins
  9 jackals
  10 kobolds
  5 quokkas
  4 frilled lizards
  26 rats
119 creatures vanquished.

Vanquished Creatures (collateral kills)
  A big kobold (D:4)
  2 orc wizards (D:4)
  An orc (D:4)
4 creatures vanquished.

Grand Total: 123 creatures vanquished

Notes
Turn   | Place    | Note
-------+----------+-------------------------------------------
     0 | D:1      | MalarOregon the Merfolk Gladiator began the quest for the
                  | Orb.
     0 | D:1      | Reached XP level 1. HP: 16/16 MP: 1/1
    59 | D:1      | Reached XP level 2. HP: 17/23 MP: 2/2
   232 | D:1      | Reached skill level 5 in Polearms
   344 | D:1      | Reached XP level 3. HP: 7/28 MP: 3/3
  1070 | D:2      | Reached XP level 4. HP: 35/35 MP: 4/4
  1071 | D:2      | Reached skill level 6 in Polearms
  1306 | D:2      | Found a glowing golden altar of the Shining One.
  1311 | D:2      | Found a radiant altar of Vehumet.
  1442 | D:2      | Reached skill level 5 in Dodging
  1442 | D:2      | Reached XP level 5. HP: 36/41 MP: 5/5
  2632 | D:4      | Found a sparkling altar of Nemelex Xobeh.
  2641 | D:4      | Became a worshipper of Nemelex Xobeh the Trickster
  2653 | D:4      | Reached skill level 7 in Polearms
  2673 | D:4      | Noticed StylePro's ghost (amateur DsBe)
  2680 | D:4      | Found a runed gate.
  2680 | D:4      | Found a runed gate.
  2680 | D:4      | Found a runed gate.
  2701 | D:4      | Found a hazy altar of Hepliaklqana.
  2714 | D:4      | Reached XP level 6. HP: 28/48 MP: 6/6
  2878 | D:4      | Received a gift from Nemelex Xobeh
  2976 | D:4      | Reached skill level 8 in Polearms
  3057 | D:4      | Reached XP level 7. HP: 14/55 MP: 7/7
  3322 | D:4      | Found a blossoming altar of Fedhas.
  3380 | D:4      | Noticed Sigmund
  3383 | D:4      | Noticed a wyvern
  3383 | D:4      | Noticed a wyvern
  3391 | D:4      | Slain by a wyvern

Vault maps used:
D:1:      evilmike_arrival_plus
D:2:      minitemple, minmay_rat_hole
D:3:      dk_vineyard_2
D:4:      old_standard_altar, lemuel_crystal_altar,
          nemelex_xobeh_ov_fountains_minmay, gammafunk_ghost_split,
          first_ration, grunt_ministairs_1, uniq_sigmund

Skill      XL: |  1  2  3  4  5  6 |
---------------+-------------------+-----
Polearms       | 5 6 7 8 |  8.6
Fighting       | 3 4 |  4.5
Dodging        | 5 6 |  6.1
Throwing       | |  2.0

Action                   |  1- 3 |  4- 6 |  7- 9 || total
-------------------------+-------+-------+-------++-------
Melee: Trident           |   134 |   270 |     5 ||   409
 Abil: Draw Summoning    |       |     1 |     4 ||     5
       Draw Escape       |       |     1 |       ||     1
       Draw Destruction  |       |     1 |       ||     1
  Use: Potion            |       |     1 |       ||     1
 Stab: Sleeping          |     2 |     5 |       ||     7
  Eat: Chunk             |     1 |     6 |     1 ||     8
Armor: Leather armour    |    32 |    40 |       ||    72
Dodge: Dodged            |   103 |   185 |    12 ||   300

Table legend:
 A = Non-vault XP
 B = Vault XP
 C = Vault XP percentage of total XP
 D = Non-vault monster count
 E = Vault monster count
 F = Vault count percentage of total count
                 A         B        C        D         E       F
            +---------+---------+-------+---------+---------+-------
      Total |     687 |      20 |   2.8 |     104 |      19 |  15.4
            +---------+---------+-------+---------+---------+-------
        D:1 |      78 |       0 |   0.0 |      31 |       0 |   0.0
        D:2 |      91 |      20 |  18.0 |      32 |      19 |  37.3
        D:3 |      64 |       0 |   0.0 |      23 |       0 |   0.0
        D:4 |     454 |       0 |   0.0 |      18 |       0 |   0.0
            +---------+---------+-------+---------+---------+-------
